 Dungeon Crawl Stone Soup version 0.22.1-2-g9c5b331 (webtiles) character file.

101 Kelyas the Magician (level 4, -9/32 HPs)
             Began as a Demonspawn Wizard on Nov 13, 2018.
             Killed by divine providence
             ... invoked by an orc priest
              (13 damage)
             ... on level 3 of the Dungeon.
             The game lasted 00:05:06 (2031 turns).

Kelyas the Magician (Demonspawn Wizard)             Turns: 2031, Time: 00:05:06

Health: -9/32      AC:  5    Str: 12    XL:     4   Next: 48%
Magic:  1/9        EV: 12    Int: 21    God:
Gold:   33         SH:  0    Dex: 11    Spells: 4/10 levels left

rFire    + . .     SeeInvis .   e - +0 whip
rCold    . . .     Gourm    +   (no shield)
rNeg     . . .     Faith    .   a - +0 robe
rPois    .         Spirit   .   b - +1 hat
rElec    .         Reflect  .   f - +0 cloak
rCorr    .         Harm     .   (no gloves)
MR       .....                  m - +0 pair of boots
Stlth    ++........             k - amulet of the gourmand
HPRegen  0.10/turn              (no ring)
MPRegen  0.11/turn              (no ring)

@: mighty
A: horns 1, fire resistance 1
a: no special abilities


You were on level 3 of the Dungeon.
You were completely stuffed.

You visited 1 branch of the dungeon, and saw 3 of its levels.

You collected 33 gold pieces.

Inventory:

Hand Weapons
 e - a +0 whip (weapon)
 j - a +2 mace of holy wrath
 u - a +0 dagger of holy wrath
Missiles
 c - 47 stones (quivered)
 p - 7 poisoned needles
Armour
 a - a +0 robe (worn)
 b - a +1 hat (worn)
 f - a +0 cloak (worn)
 m - a +0 pair of boots (worn)
Jewellery
 k - an amulet of the gourmand (around neck)
Wands
 g - a wand of iceblast (13)
Scrolls
 s - 3 scrolls of identify
Potions
 h - 3 potions of curing {unknown}
 i - a potion of might
 n - a potion of magic {unknown}
 r - a potion of resistance {unknown}
 v - a potion of berserk rage {unknown}
Comestibles
 d - 2 rations
 q - 11 chunks of flesh


   Skills:
 + Level 1.2 Fighting
 - Level 2.0 Dodging
 - Level 2.0 Stealth
 + Level 3.5 Spellcasting
 * Level 3.1 Conjurations
   Level 1.0 Summonings
 + Level 1.0 Translocations
 + Level 0.2 Poison Magic


You had 4 spell levels left.
You knew the following spells:

 Your Spells              Type           Power        Failure   Level  Hunger
a - Magic Dart            Conj           ###.         3%          1    None
b - Mephitic Cloud        Conj/Pois/Air  #.......     24%         3    ###....
c - Blink                 Tloc           N/A          12%         2    ##.....

Your spell library contained the following spells:

 Spells                   Type           Power        Failure   Level  Hunger
 Call Imp                 Summ           #.......     13%         2    ##.....
 Slow                     Hex            #.......     19%         2    ##.....
 Conjure Flame            Conj/Fire      ##......     21%         3    ###....


Dungeon Overview and Level Annotations

Branches:
Dungeon (3/15)

Altars:


Innate Abilities, Weirdness & Mutations

You have a pair of small horns on your head.
Your flesh is heat resistant. (rF+)


Message History

Beogh smites you!
* * * LOW HITPOINT WARNING * * *
You hear a shout!
You whack the orc!
You kill the orc!
The orc priest barely misses you.
You whack the orc!
You kill the orc!
The orc priest completely misses you.
The orc priest looks braver for a moment.
Items here: ))) [[ †† You barely miss the orc priest.
The orc priest is almost dead.
The orc priest looks satisfied for a moment.
You barely miss the orc priest.
The orc priest is almost dead.
An orc comes into view. It is wielding a hand axe.
The orc priest mumbles some strange prayers to Beogh against you.
Beogh smites you!
You die...

**#.....####.#
,........* #.#
,........* #.#
,.......,* #.#
**.....#####.#
*,,,........#
*,,,.######.#####
*,**** #...)o## *,*
#.###@.# **,*
****###*##o# ,<,*
*≈∩≈≈≈≈≈≈≈.#
**,**************##
**,,,,,,,,,,,*
,,,*********** ****


You could see an orc priest and an orc.

Vanquished Creatures
  A hound zombie (D:2)
  2 adders (D:2)
  An ooze (D:1)
  A worm (D:3)
  2 dart slugs
  4 leopard geckos
  3 orcs (D:3)
  A ball python (D:2)
  3 giant cockroaches
  5 goblins
  5 hobgoblins
  A jackal (D:3)
  A quokka (D:2)
  4 bats
  5 frilled lizards
  6 kobolds
  5 rats
50 creatures vanquished.

Notes
Turn   | Place    | Note
-------+----------+-------------------------------------------
     0 | D:1      | Kelyas the Demonspawn Wizard began the quest for the Orb.
     0 | D:1      | Reached XP level 1. HP: 13/13 MP: 4/4
   393 | D:1      | Gained mutation: You have a pair of small horns on your
                  | head. [demonic ancestry]
   393 | D:1      | Reached XP level 2. HP: 19/19 MP: 6/6
  1125 | D:1      | Gained mutation: Your flesh is heat resistant. (rF+)
                  | [demonic ancestry]
  1125 | D:1      | Reached XP level 3. HP: 11/24 MP: 7/7
  1665 | D:2      | Reached skill level 1 in Fighting
  1697 | D:2      | Reached XP level 4. HP: 26/32 MP: 9/9
  1805 | D:2      | Learned a level 3 spell: Mephitic Cloud
  1808 | D:2      | Learned a level 2 spell: Blink
  1961 | D:3      | Reached skill level 1 in Translocations
  2031 | D:3      | Killed from afar by an orc priest

Skill      XL: |  1  2  3  4 |
---------------+-------------+-----
Stealth        | 2 |  2.0
Dodging        | 2 |  2.0
Conjurations   | 2 3 |  3.1
Fighting       | 1 |  1.2
Translocations | 1 |  1.0
Spellcasting   | |  3.5
Summonings     | |  1.0
Poison Magic   | |  0.2

Action                   |  1- 3 |  4- 6 || total
-------------------------+-------+-------++-------
Melee: Whip              |   121 |    52 ||   173
       Unarmed           |     4 |       ||     4
       Headbutt          |    13 |     6 ||    19
 Cast: Magic Dart        |    17 |    31 ||    48
  Use: Scroll            |       |     5 ||     5
       Potion            |       |     1 ||     1
 Stab: Sleeping          |     5 |       ||     5
  Eat: Chunk             |    14 |     1 ||    15
Armor: Robe              |    29 |    30 ||    59
Dodge: Dodged            |    80 |    33 ||   113
